 Dungeon Crawl Stone Soup version 0.18.1-8-gdd0e5ea (webtiles) character file.

118370 Shtopit the Peltast (level 17, -2/121 HPs)
             Began as a Formicid Fighter on June 1, 2016.
             Was the Champion of the Shining One.
             Killed from afar by a deep elf annihilator (39 damage)
             ... with a crystal spear
             ... on level 3 of the Elven Halls.
             The game lasted 02:11:15 (32043 turns).

Shtopit the Peltast (Formicid Fighter)             Turns: 32043, Time: 02:11:18

Health: -2/121     AC: 30    Str: 33    XL:     17   Next: 31%
Magic:  0/30       EV: 13    Int:  8    God:    the Shining One [******]
Gold:   2265       SH: 23    Dex: 12    Spells: 0 memorised, 16 levels left

rFire  + . .     SeeInvis +     Z - +9 falchion of Hetu {flame, rElec MR++}
rCold  + . .     Gourm    .     k - +5 chain mail "Gagitage" {rF+}
rNeg   + + +     Faith    .     V - +1 large shield {rN+}
rPois  +         Spirit   +     (helmet unavailable)
rElec  +         Dismiss  .     p - +0 cloak
rCorr  .         Reflect  .     R - +0 pair of gloves
SustAt +         Harm     .     m - +2 pair of boots
MR     +++..                    o - amulet of Coteklan {Spirit rElec rPois Dex+4}
Stlth  ..........               Q - ring "Coil" {rC+ Slay+2}
                                B - ring of sustain attributes

@: mighty, glowing, studying Dodging, extremely resistant to hostile
enchantments, extremely unstealthy
A: permanent stasis, dig shafts and tunnels, four strong arms, antennae 3,
iridescent scales 1, slimy green scales 1, clumsy 1, frail 1, high mp 1,
screaming 1
a: Dig, Shaft Self, Divine Shield, Cleansing Flame, Summon Divine Warrior, Brand
Weapon With Holy Wrath, Renounce Religion


You were on level 3 of the Elven Halls.
You worshipped the Shining One.
The Shining One was exalted by your worship.
You were full.

You visited 4 branches of the dungeon, and saw 28 of its levels.
You visited the Abyss 1 time.
You also visited: Labyrinth.

You collected 3016 gold pieces.
You spent 751 gold pieces at shops.

Inventory:

Hand Weapons
 d - a +0 great sword
 n - a +1 long sword of holy wrath
 s - a +0 arbalest
 I - the +0 double sword of Change {flame, rF- MR+ MP+9 Int+8 Dex-3}
   (You acquired it on level 6 of the Lair of Beasts)

   It has been specially enchanted to burn those struck by it, causing extra
   injury to most foes and up to half again as much damage against particularly
   susceptible opponents.
   Big, fiery blades are also staple armaments of hydra-hunters.
   It affects your intelligence (+8).
   It affects your dexterity (-3).
   It makes you vulnerable to fire.
   It affects your resistance to hostile enchantments.
   It affects your magic capacity (+9).
 Z - the +9 falchion of Hetu (weapon) {flame, rElec MR++}
   (You bought it in a shop on level 1 of the Elven Halls)

   It has been specially enchanted to burn those struck by it, causing extra
   injury to most foes and up to half again as much damage against particularly
   susceptible opponents.
   Big, fiery blades are also staple armaments of hydra-hunters.
   It insulates you from electricity.
   It affects your resistance to hostile enchantments.
Missiles
 h - 219 bolts
Armour
 k - the +5 chain mail "Gagitage" (worn) {rF+}
   (You bought it in a shop on level 2 of the Orcish Mines)

   It protects you from fire.
 m - a +2 pair of boots (worn)
 p - a +0 cloak (worn)
 R - a +0 pair of gloves (worn)
 V - a +1 large shield of positive energy (worn)
Rods
 r - a +6 rod of shadows (10/10)
   (You found it in a labyrinth)
Jewellery
 o - the amulet of Coteklan (around neck) {Spirit rElec rPois Dex+4}
   (You found it in a labyrinth)

   [amulet of guardian spirit]

   It causes incoming damage to be split between your health and magic.
   It affects your dexterity (+4).
   It insulates you from electricity.
   It protects you from poison.
 A - an uncursed ring of flight
 B - a ring of sustain attributes (left hand)
 J - an uncursed ring of positive energy {unknown}
 Q - the ring "Coil" (right hand) {rC+ Slay+2}
   (You found it on level 3 of the Lair of Beasts)

   [ring of protection from cold]

   It affects your accuracy and damage with ranged weapons and melee attacks
   (+2).
   It protects you from cold.
 T - an uncursed amulet of regeneration
Wands
 c - a wand of iceblast (6/15)
 l - a wand of disintegration (18/24)
 t - a wand of enslavement (11/24)
 x - a wand of lightning (3/15)
 C - a wand of digging (10/24)
 E - a wand of iceblast (9/15)
 G - a wand of acid (1/15)
 N - a wand of slowing (37/48)
Scrolls
 b - 3 scrolls of enchant armour
 q - 11 scrolls of remove curse
 w - 7 scrolls of enchant weapon
 y - a scroll of vulnerability
 K - 5 scrolls of fog
 M - 2 scrolls of summoning
 O - 2 scrolls of immolation
 S - 2 scrolls of fear
 W - 2 scrolls of recharging
 X - 2 scrolls of silence
Potions
 a - 3 potions of cure mutation
 e - 2 potions of heal wounds
 g - 9 potions of curing
 u - a potion of cancellation
 v - a potion of ambrosia
 z - 2 potions of flight
 F - 2 potions of agility
 L - a potion of might
Books
 j - a manual of Dodging
Miscellaneous
 D - a stone of tremors
 P - a disc of storms
 U - a lamp of fire
Comestibles
 f - 16 bread rations
 i - 17 meat rations
 H - 10 fruits
 Y - 5 beef jerkies


   Skills:
 + Level 12.8 Fighting
 + Level 15.0 Long Blades
 + Level 1.1 Crossbows
 + Level 12.6 Armour
 + Level 7.6 Dodging
 - Level 1.1 Stealth
 + Level 15.5 Shields
 - Level 13.8 Invocations
 * Level 5.7 Evocations


You had 16 spell levels left.
You didn't know any spells.

Dungeon Overview and Level Annotations

Branches:
Dungeon (15/15)            Temple (0/1) D:7            Lair (8/8) D:10
 Shoals (0/4) Lair:5        Snake (0/4) Lair:4        Slime (0/6) Lair:8
    Orc (2/2) D:9             Elf (3/3) Orc:2
 Vaults: D:13-14     Depths: D:15

Altars:
Ashenzari
Cheibriados
Dithmenos
Fedhas
Kikubaaqudgha
Makhleb
Qazlal
Vehumet
Zin
The Shining One
Beogh

Shops:
D:8 :%}(   Orc:2 %?[([   Elf:1 (

Annotations:
D:6 exclusion: statue
D:13 exclusions: ice statue and obsidian statue
Lair:6 exclusion: 4 oklob plants
Lair:8 exclusion: 2 oklob plants
Elf:2 5 runed doors


Innate Abilities, Weirdness & Mutations

You are under a permanent stasis effect.
You can dig through walls and to a lower floor.
Your four strong arms can wield two-handed weapons with a shield.
You have a pair of large antennae on your head (SInv).
You are partially covered in iridescent scales (AC +4).
You are partially covered in slimy green scales (AC +2).
You are clumsy. (Dex -2)
You are frail (-10% HP).
You have an increased reservoir of magic (+10% MP).
You occasionally shout uncontrollably at your foes.


Message History

Aim: a deep elf death mage, wielding a long sword (heavily wounded, haloed, inner flame)
You hear a mighty clap of thunder!
The bolt of lightning hits the deep elf death mage.
The deep elf death mage is heavily wounded.
The bolt of lightning hits the ghostly deep elf sorcerer.
The ghostly deep elf sorcerer is moderately damaged.
The bolt of lightning hits the ghostly deep elf sorcerer.
The ghostly deep elf sorcerer is moderately damaged.
The bolt of lightning hits the deep elf elementalist.
The deep elf elementalist is lightly wounded.
The bolt of lightning misses the deep elf elementalist. x2
This wand has 3 charges left.
You hear a shout! x4
The earth elemental disappears in a puff of smoke!
The lost soul fades away!
The deep elf elementalist casts a spell at the rock wall.
Nothing appears to happen.
The deep elf annihilator casts a spell at you.
The crystal spear hits you!
You die... ee#

3e# e*# e3#
##ee# ##eee#
#eee.# #
#E@e# ##
#eeĀ§# .##
#...# #.##
##.### ##.##
#..# ##.##
#.## ##.##
##.# ##.##
#..#
##.######.##


You could see a deep elf blademaster, a deep elf master archer (inner flame), 4
deep elf annihilators, 4 deep elf death magi, a deep elf sorcerer (inner flame),
a ghostly deep elf sorcerer, 3 deep elf elementalists, a deep elf demonologist,
an earth elemental, a smoke demon, a neqoxec and a lost soul.

Vanquished Creatures
  2 orc warlords (Orc:2)
  A deep elf sorcerer (Elf:2)
  Nessos (Lair:8)
  A deep elf demonologist (Elf:1)
  A dire elephant (Lair:8)
  3 deep elf death magi
  A minotaur (Lab)
  Erolcha (Orc:1)
  5 hydras
  Fannar (D:10)
  Harold (Orc:1)
  A centaur warrior (D:15)
  Erica (D:8)
  2 catoblepae
  8 dancing weapons
  The ghost of Britaniac the Basher, a journeyman GrFi of Okawaru (D:10)
  6 death yaks (Lair:8)
  A deep troll shaman (Lair:8)
  Urug (Lair:4)
  2 orc high priests (Orc:2)
  9 deep elf knights
  5 hill giants
  9 deep elf archers
  A harpy (shapeshifter) (D:10)
  An orc knight (Orc:2)
  2 griffons
  An ugly thing (D:12)
  A manticore (Lair:5)
  2 orc sorcerers (Orc:2)
  3 wolf spiders
  41 deep elf magi
  6 oklob plants
  2 cyclopes
  11 elephants
  Maurice (Orc:1)
  4 black mambas
  A spiny frog (shapeshifter) (Elf:3)
  11 spiny frogs
  A kobold demonologist (D:15)
  13 komodo dragons
  5 yaktaurs (D:15)
  A troll (shapeshifter) (Elf:1)
  7 trolls
  10 polar bears
  3 two-headed ogres
  3 boulder beetles
  20 blink frogs
  5 slime creatures (D:13)
  2 tarantellas (Orc:1)
  2 wyverns
  52 yaks
  2 water elementals
  5 air elementals
  A wraith (D:11)
  5 basilisks
  2 fire elementals (Elf:2)
  Eustachio (D:5)
  A human (D:8)
  5 hippogriffs
  2 hungry ghosts (D:7)
  5 vampire mosquitoes
  2 wargs
  Grum (D:8)
  Edmund (D:5)
  Duvessa (D:5)
  10 porcupines
  16 water moccasins
  30 orc warriors
  3 sky beasts
  6 ice beasts
  2 eyes of draining
  4 phantoms
  12 ogres
  4 black bears
  A necrophage (D:8)
  20 wolves
  5 centaurs
  11 crocodiles
  9 big kobolds
  15 giant frogs
  An earth elemental (Elf:1)
  A wyvern zombie (D:11)
  Dowan (D:5)
  2 scorpions
  19 killer bees
  4 wights (D:13)
  4 electric eels
  2 howler monkeys
  A jelly (D:10)
  A lava snake (Lair:6)
  2 wasp zombies
  2 centaur zombies
  A quasit (D:5)
  5 crimson imps
  A giant frog zombie (D:8)
  A centaur skeleton (D:5)
  21 orc priests
  5 hounds
  5 giant frog skeletons
  2 iron imps (D:13)
  6 iguanas
  Ijyb (D:2)
  Terence (D:3)
  27 orc wizards
  6 worker ants
  16 sheep
  A hound skeleton (D:9)
  3 worker ant zombies
  9 gnolls
  2 howler monkey skeletons
  14 adders
  54 river rats
  5 shadow imps
  2 ufetubi (D:13)
  3 oozes
  A worm (D:3)
  A dart slug (D:3)
  2 giant geckos
  112 orcs
  5 bats
  7 giant cockroaches
  6 goblins
  9 hobgoblins
  6 jackals
  18 kobolds
  4 quokkas
  3 ball pythons
  2 giant gecko skeletons
  2 giant newts
  A jackal zombie (D:5)
  A quokka zombie (D:9)
  4 rats
  5 fungi
  5 plants
883 creatures vanquished.

Vanquished Creatures (others)
  A river rat (Lair:8)
  4 bushes (D:13)
  11 fungi
  10 plants
26 creatures vanquished.

Grand Total: 909 creatures vanquished

Notes
Turn   | Place    | Note
--------------------------------------------------------------
     0 | D:1      | Shtopit the Formicid Fighter began the quest for the Orb.
     0 | D:1      | Reached XP level 1. HP: 18/18 MP: 1/1
   204 | D:1      | Reached XP level 2. HP: 20/24 MP: 2/2
   682 | D:1      | Reached XP level 3. HP: 21/29 MP: 3/3
  1126 | D:2      | Noticed Ijyb
  1146 | D:2      | Killed Ijyb
  1146 | D:2      | Reached XP level 4. HP: 32/37 MP: 4/4
  1595 | D:2      | Found an ancient bone altar of Kikubaaqudgha.
  1595 | D:2      | Found a glowing golden altar of the Shining One.
  1605 | D:2      | Became a worshipper of the Shining One
  1680 | D:3      | Noticed Terence
  1707 | D:3      | Killed Terence
  1707 | D:3      | Reached skill level 1 in Dodging
  1707 | D:3      | Reached XP level 5. HP: 30/42 MP: 5/5
  1901 | D:3      | Reached skill level 5 in Shields
  2335 | D:3      | Reached XP level 6. HP: 46/48 MP: 6/6
  2496 | D:4      | You fall through a shaft for 2 floors!
  2785 | D:6      | Found a glowing silver altar of Zin.
  2972 | D:6      | Noticed an ice beast
  3003 | D:6      | Reached skill level 1 in Invocations
  3006 | D:6      | Killed an ice beast
  3006 | D:6      | Reached XP level 7. HP: 38/55 MP: 6/8
  3316 | D:5      | Entered Level 5 of the Dungeon
  3340 | D:5      | Reached skill level 5 in Armour
  3384 | D:5      | Reached * piety under the Shining One
  3388 | D:5      | Found a blossoming altar of Fedhas.
  3395 | D:5      | Found a shattered altar of Ashenzari.
  3405 | D:5      | Reached XP level 8. HP: 57/61 MP: 8/10
  3409 | D:5      | Found a burning altar of Makhleb.
  3432 | D:5      | Noticed Edmund
  3446 | D:5      | Killed Edmund
  3596 | D:5      | Noticed Dowan
  3598 | D:5      | Noticed Duvessa
  3628 | D:5      | Killed Dowan
  3633 | D:5      | You fall through a shaft for 3 floors!
  3633 | D:8      | Found Ajerist's Antique Weapon Shop.
  3659 | D:8      | Bought a runed scimitar for 96 gold pieces
  3664 | D:8      | Found Muimaudu's Gadget Emporium.
  3785 | D:7      | Reached skill level 5 in Fighting
  3796 | D:7      | Found a shadowy altar of Dithmenos.
  3851 | D:7      | Found a staircase to the Ecumenical Temple.
  4259 | D:6      | Reached skill level 1 in Stealth
  4259 | D:6      | Reached XP level 9. HP: 68/68 MP: 12/12
  4555 | D:6      | Reached ** piety under the Shining One
  4924 | D:6      | Reached skill level 5 in Invocations
  4929 | D:6      | Found a radiant altar of Vehumet.
  5200 | D:5      | Killed Duvessa
  5443 | D:5      | Noticed Eustachio
  5465 | D:5      | Killed Eustachio
  5465 | D:5      | Reached skill level 5 in Long Blades
  6275 | D:4      | Reached XP level 10. HP: 76/76 MP: 14/14
  6823 | D:8      | Noticed Grum
  6834 | D:8      | Killed Grum
  6953 | D:8      | Noticed Erica
  6965 | D:8      | You fall through a shaft for 2 floors!
  6965 | D:10     | Entered Level 10 of the Dungeon
  6975 | D:10     | Reached *** piety under the Shining One
  7067 | D:10     | Noticed a hill giant
  7141 | D:10     | You fall through a shaft for 3 floors!
  7366 | D:12     | Found a stormy altar of Qazlal.
  7369 | D:12     | Noticed a green ugly thing
  7382 | D:12     | Killed a green ugly thing
  7561 | D:12     | Reached skill level 5 in Dodging
  7579 | D:12     | Reached XP level 11. HP: 61/84 MP: 16/16
  7699 | D:12     | Noticed a hill giant
  7709 | D:12     | Killed a hill giant
  8012 | D:12     | Noticed a wolf spider
  8428 | D:11     | Reached **** piety under the Shining One
  8853 | D:11     | Found a snail-covered altar of Cheibriados.
  9363 | D:11     | Reached skill level 10 in Shields
  9545 | D:10     | You fall through a shaft for 2 floors!
  9570 | D:12     | Killed a wolf spider
 10153 | D:10     | Noticed a hill giant
 10201 | D:10     | Killed a hill giant
 10201 | D:10     | Reached XP level 12. HP: 85/93 MP: 18/18
 10501 | D:10     | Found a staircase to the Lair.
 10607 | D:10     | Reached ***** piety under the Shining One
 10820 | D:10     | Noticed Fannar
 10854 | D:10     | Killed Fannar
 11149 | D:10     | Noticed Britaniac's ghost (journeyman GrFi)
 11175 | D:10     | Killed Britaniac's ghost
 11781 | D:9      | Found a staircase to the Orcish Mines.
 12137 | D:8      | Killed Erica
 12299 | D:8      | Found Beucwato's Food Shop.
 12343 | D:8      | Found Fankel's Book Shoppe.
 12682 | D:8      | Got a heavily runed brass ring
 12683 | D:8      | Identified the ring "Rerphy" {rPois rF- rC+ Int+8} (You found it on level 8 of the Dungeon)
 13003 | D:13     | Reached skill level 10 in Invocations
 13169 | D:13     | Reached skill level 10 in Long Blades
 13298 | D:13     | You fall through a shaft for 2 floors!
 13298 | D:15     | Entered Level 15 of the Dungeon
 13343 | D:15     | Reached XP level 13. HP: 54/101 MP: 20/20
 13589 | D:15     | Noticed a centaur warrior
 13604 | D:15     | Killed a centaur warrior
 13741 | D:13     | Reached skill level 10 in Armour
 13889 | D:13     | Gained mutation: You have a somewhat thin skeletal structure (Dex +2, Stealth). [potion of mutation]
 13889 | D:13     | Gained mutation: Your spells are a little easier to cast, but a little less powerful. [potion of mutation]
 13889 | D:13     | Gained mutation: You occasionally shout uncontrollably at your foes. [potion of mutation]
 13890 | D:13     | Lost mutation: You occasionally shout uncontrollably at your foes. [potion of mutation]
 13890 | D:13     | Gained mutation: You are clumsy. (Dex -2) [potion of mutation]
 13890 | D:13     | Gained mutation: You expend magic power (3 MP) to strengthen your wands. [potion of mutation]
 13892 | D:13     | Lost mutation: You have a somewhat thin skeletal structure (Dex +2, Stealth). [potion of cure mutation]
 13892 | D:13     | Lost mutation: Your spells are a little easier to cast, but a little less powerful. [potion of cure mutation]
 13892 | D:13     | Lost mutation: You expend magic power (3 MP) to strengthen your wands. [potion of cure mutation]
 14086 | D:13     | You fall through a shaft!
 14624 | Lair:1   | Entered Level 1 of the Lair of Beasts
 16508 | Lair:2   | Reached skill level 10 in Fighting
 16790 | Lair:3   | Noticed a five-headed hydra
 16834 | Lair:3   | Killed a one-headed hydra
 16969 | Lair:3   | Got a slimy lapis lazuli ring
 17058 | Lair:3   | Identified the ring "Coil" {rC+ Slay+2} (You found it on level 3 of the Lair of Beasts)
 17170 | Lair:3   | Reached XP level 14. HP: 101/110 MP: 22/22
 17331 | Lair:3   | Gained mutation: You are partially covered in slimy green scales (AC +2). [potion of mutation]
 17331 | Lair:3   | Gained mutation: You occasionally shout uncontrollably at your foes. [potion of mutation]
 17858 | Lair:4   | Found a staircase to the Snake Pit.
 17936 | Lair:4   | Noticed Urug
 17961 | Lair:4   | You fall through a shaft for 2 floors!
 17974 | Lair:6   | Reached ****** piety under the Shining One
 18086 | Lair:6   | Identified a scroll of acquirement
 18087 | Lair:6   | Got a scorched double sword
 18088 | Lair:6   | Identified the +0 double sword of Change {flame, rF- MR+ MP+9 Int+8 Dex-3} (You acquired it on level 6 of the Lair of Beasts)
 18410 | Lair:6   | Gained mutation: You are weak. (Str -2) [potion of mutation]
 18410 | Lair:6   | Lost mutation: You are weak. (Str -2) [potion of mutation]
 20069 | Lair:8   | Entered Level 8 of the Lair of Beasts
 20142 | Lair:8   | Found a staircase to the Slime Pits.
 20170 | Lair:8   | Noticed Nessos
 20190 | Lair:8   | Killed Nessos
 20237 | Lair:8   | Gained mutation: You have an increased reservoir of magic (+10% MP). [potion of mutation]
 20237 | Lair:8   | Gained mutation: You are partially covered in iridescent scales (AC +4). [potion of mutation]
 20237 | Lair:8   | Gained mutation: You are frail (-10% HP). [potion of mutation]
 20271 | Lair:8   | Found a labyrinth entrance.
 20319 | Lab      | Entered a labyrinth
 21935 | Lab      | Got a translucent golden amulet
 22026 | Lair:8   | Identified the amulet of Coteklan {Spirit rElec rPois Dex+4} (You found it in a labyrinth)
 22038 | Lair:8   | Identified a +6 rod of shadows (10/10) (You found it in a labyrinth)
 22081 | Lair:8   | Reached XP level 15. HP: 71/106 MP: 8/26
 22885 | Lair:8   | Reached skill level 1 in Crossbows
 25089 | Lair:5   | You fall through a shaft for 2 floors!
 25184 | Lair:5   | Found a staircase to the Shoals.
 25712 | Lair:4   | Killed Urug
 26384 | Orc:1    | Entered Level 1 of the Orcish Mines
 26585 | Orc:1    | Noticed Harold
 26592 | Orc:1    | Killed Harold
 26599 | Orc:1    | Noticed Erolcha
 26610 | Orc:1    | Killed Erolcha
 26670 | Orc:1    | Noticed Maurice
 26680 | Orc:1    | Killed Maurice
 27174 | Orc:2    | Entered Level 2 of the Orcish Mines
 27195 | Orc:2    | Found a roughly hewn altar of Beogh.
 27379 | Orc:2    | Found a roughly hewn altar of Beogh.
 27399 | Orc:2    | Found a staircase to the Elven Halls.
 27441 | Orc:2    | Found a roughly hewn altar of Beogh.
 27572 | Orc:2    | Found a roughly hewn altar of Beogh.
 27573 | Orc:2    | Found Biaged's Antique Armour Boutique.
 27726 | Orc:2    | Found Hoerofab's Food Shop.
 27785 | Orc:2    | Found a roughly hewn altar of Beogh.
 27801 | Orc:2    | Found Cemel's Magic Scroll Shoppe.
 27813 | Orc:2    | Bought a scroll of identify for 30 gold pieces
 27930 | Orc:2    | Noticed an orc warlord
 27947 | Orc:2    | Killed an orc warlord
 27947 | Orc:2    | Reached XP level 16. HP: 93/114 MP: 26/28
 28271 | Orc:2    | Got a warped chain mail
 28329 | Orc:2    | Identified the cursed +0 chain mail of Caaraxki {rF+ Dex+3} (You found it on level 2 of the Orcish Mines)
 28379 | Orc:2    | Found a roughly hewn altar of Beogh.
 28639 | Orc:2    | Found Ilauhig's Antique Weapon Shoppe.
 28735 | Orc:2    | Found a roughly hewn altar of Beogh.
 28736 | Orc:2    | Found Qagyuvau's Antique Armour Emporium.
 28951 | Orc:2    | Bought a fine chain mail for 294 gold pieces
 28951 | Orc:2    | Bought a glowing shield for 139 gold pieces
 28966 | Orc:2    | Identified the +5 chain mail "Gagitage" {rF+} (You bought it in a shop on level 2 of the Orcish Mines)
 29057 | Elf:1    | Entered Level 1 of the Elven Halls
 29068 | Elf:1    | Reached skill level 1 in Evocations
 29169 | Elf:1    | Cast into level 2 of the Abyss (a deep elf demonologist)
 29240 | Elf:1    | Escaped the Abyss
 30099 | Elf:1    | Found Yhe Qitt's Antique Weapon Boutique.
 30108 | Elf:1    | Bought a steaming falchion for 192 gold pieces
 30115 | Elf:1    | Identified the +9 falchion of Hetu {flame, rElec MR++} (You bought it in a shop on level 1 of the Elven Halls)
 30325 | Elf:2    | Reached skill level 15 in Shields
 30337 | Elf:2    | Noticed a deep elf sorcerer
 30352 | Elf:2    | Killed a deep elf sorcerer
 30839 | Elf:2    | Found a huge runed gate.
 30839 | Elf:2    | Found a huge runed gate.
 30839 | Elf:2    | Found a huge runed gate.
 30839 | Elf:2    | Found a huge runed gate.
 30841 | Elf:2    | Found a huge runed gate.
 30934 | Elf:2    | Reached XP level 17. HP: 121/121 MP: 30/30
 31006 | Elf:2    | Reached skill level 5 in Evocations
 31392 | Elf:3    | Entered Level 3 of the Elven Halls
 31885 | Elf:3    | Reached skill level 15 in Long Blades
 32009 | Elf:3    | Noticed a deep elf master archer
 32043 | Elf:3    | Noticed a deep elf blademaster
 32043 | Elf:3    | Killed from afar by a deep elf annihilator

Skill      XL: |  1  2  3  4  5  6  7  8  9 10 11 12 13 14 15 16 17 |
---------------+----------------------------------------------------+-----
Shields        | 4 5 6 7 8 9 10 11 12 13 14 15 | 15.5
Armour         | 4 5 6 7 8 9 10 11 12 | 12.6
Fighting       | 4 5 7 8 9 10 11 12 | 12.8
Dodging        | 1 2 3 4 5 6 7 |  7.6
Invocations    | 1 2 4 5 7 9 10 11 12 13 | 13.8
Long Blades    | 3 4 5 7 9 10 11 12 13 14 15 | 15.0
Stealth        | 1 |  1.1
Crossbows      | 1 |  1.1
Evocations     | 4 5 |  5.7

Action                   |  1- 3 |  4- 6 |  7- 9 | 10-12 | 13-15 | 16-18 || total
-------------------------+-------+-------+-------+-------+-------+-------++-------
Melee: Long sword        |   100 |   165 |    73 |       |     6 |       ||   344
       Scimitar          |       |       |   183 |   770 |   214 |       ||  1167
       Great sword       |       |       |       |       |   973 |   238 ||  1211
       Double sword      |       |       |       |       |   446 |     6 ||   452
       Falchion          |       |       |       |       |       |   289 ||   289
 Fire: Arbalest          |       |       |       |       |    17 |       ||    17
Invok: Divine Shield     |       |       |     1 |       |     2 |       ||     3
 Abil: Shaft Self        |       |     1 |     1 |     4 |     2 |       ||     8
       Dig               |       |       |       |       |    45 |       ||    45
Evoke: Wand              |       |       |       |       |       |     5 ||     5
       Lamp of fire      |       |       |       |       |       |     1 ||     1
       Disc of storms    |       |       |       |       |       |     1 ||     1
  Use: Scroll            |       |     8 |     1 |     7 |    14 |     6 ||    36
       Potion            |       |     1 |     1 |     4 |    15 |     8 ||    29
 Stab: Petrified         |       |       |       |       |     4 |       ||     4
  Eat: Chunk             |     1 |     5 |    12 |    24 |    41 |     8 ||    91
       Beef jerky        |       |       |     1 |       |     2 |       ||     3
       Fruit             |       |       |     1 |       |       |       ||     1
       Pizza             |       |       |       |     1 |     6 |     4 ||    11
       Royal jelly       |       |       |       |       |       |     3 ||     3
Armor: Scale mail        |    49 |    68 |    50 |       |       |       ||   167
       Chain mail        |       |       |    65 |    39 |       |   150 ||   254
       Plate armour      |       |       |       |   258 |   736 |    19 ||  1013
Dodge: Dodged            |    34 |    63 |    86 |   208 |   469 |   139 ||   999
Block: Shield            |    56 |   107 |   162 |   496 |  1026 |   273 ||  2120
       Large shield      |       |       |       |       |       |   161 ||   161
